 Dungeon Crawl Stone Soup version 0.26.1-2-gb8aa6d0cf2 (webtiles) character file.

Game seed: 13954277869636184286

399 hawla the Conjurer (level 6, -7/32 HPs)
             Began as a Deep Elf Conjurer on Feb 15, 2021.
             Was an Initiate of Ashenzari.
             Mangled by a lemure (10 damage)
             ... led by Pikel
             ... on level 4 of the Dungeon.
             The game lasted 00:07:48 (4155 turns).

hawla the Conjurer (Deep Elf Conjurer)              Turns: 4155, Time: 00:07:48

Health: -7/32      AC:  3    Str:  4    XL:     6   Next: 53%
Magic:  7/15       EV: 17    Int: 25    God:    Ashenzari [......]
Gold:   211        SH:  0    Dex: 13    Spells: 8/15 levels left

rFire    . . .     SeeInvis .   b - +0 whip
rCold    . . .     Faith    .   (no shield)
rNeg     + . .     Spirit   .   a - +1 robe
rPois    .         Reflect  .   (no helmet)
rElec    .         Harm     .   (no cloak)
rCorr    .         Rampage  .   (no gloves)
Will     .....                  (no boots)
Stlth    ++........             (no amulet)
HPRegen  0.10/turn              c - ring of positive energy
MPRegen  0.14/turn              h - +4 ring of evasion

@: about to teleport
A: no striking features
a: Renounce Religion, Curse Item


You were on level 4 of the Dungeon.
You worshipped Ashenzari.
Ashenzari was noncommittal.
You visited 1 branch of the dungeon, and saw 4 of its levels.

You collected 211 gold pieces.

Inventory:

Hand Weapons
 b - a +0 whip (weapon)
Missiles
 n - 6 datura-tipped darts
Armour
 a - a +1 robe (worn)
Jewellery
 c - a ring of positive energy (left hand)
 h - a +4 ring of evasion (right hand)
 j - an uncursed ring of protection from cold
 k - an uncursed ring of resist corrosion
 r - an uncursed ring of poison resistance
 t - an uncursed ring of flight
Wands
 s - a wand of flame (8)
Scrolls
 e - 3 scrolls of fear {unknown}
 f - 2 scrolls of identify
 g - 5 scrolls of remove curse
 i - a scroll of enchant weapon {unknown}
 p - 2 scrolls of amnesia {unknown}
Potions
 d - a potion of haste
 l - 2 potions of mutation {unknown}
 m - a potion of curing {unknown}
 o - a potion of ambrosia {unknown}


   Skills:
 - Level 0.1 Fighting
 - Level 0.1 Throwing
 - Level 3.0 Dodging
 - Level 3.0 Stealth
 + Level 5.1 Spellcasting
 + Level 6.0 Conjurations
 + Level 2.6 Translocations
 + Level 3.1 Fire Magic
 - Level 0.1 Evocations


You had 8 spell levels left.
You knew the following spells:

 Your Spells              Type           Power        Failure   Level
a - Magic Dart            Conj           100%         1%          1
b - Searing Ray           Conj           72%          1%          2
c - Iskenderun's Mystic   Conj/Tloc      28%          14%         4

Your spell library contained the following spells:

 Spells                   Type           Power        Failure   Level
 Dazzling Flash           Conj/Hex       42%          7%          3
 Fulminant Prism          Conj/Hex       10%          24%         4


Dungeon Overview and Level Annotations

Branches:
Dungeon (4/15)
 Temple: D:4-7

Altars:
Ashenzari
Fedhas
Hepliaklqana
Xom
Zin

Annotations:
D:4 Pikel


Message History

The lemure slams into the rock wall!
The mystic blast hits Pikel.
Pikel is moderately wounded.
Pikel is knocked back by the mystic blast.
Pikel collides with the lemure!
The mystic blast hits the lemure.
The lemure is lightly wounded.
The lemure is knocked back by the mystic blast.
The lemure slams into the rock wall!
The mystic blast hits the lemure.
The lemure is moderately wounded.
The lemure is knocked back by the mystic blast.
The lemure barely misses you.
As you read the scroll of teleportation, it crumbles to dust.
You feel strangely unstable.
Pikel hits you with a +1 whip of flaming!
* * * LOW HITPOINT WARNING * * *
Pikel burns you.
* * * LOW HITPOINT WARNING * * *
A quokka comes into view.
A leopard gecko skeleton comes into view.
The lemure hits you!
You die...

#####.#.# #.r# #
#.......# #..#.#
#.###.### #..#.# #.#
#.... ##..#.# #.# #####
Z.... #.# ##... # #.#
##..)##.# #.#
####.5.@5#.# #.#######
......5K5..# #.......#
.###.....### #######.#
..#.......### #.#
.=.........$# #.#
.##.......#.##########.#
......#...$............#
.####...###.############
##.## #.#


You could see Pikel (fast), 4 lemures, a quokka and a leopard gecko skeleton.

Vanquished Creatures
  Menkaure (D:4)
  A bullfrog (D:3)
  Terence (D:3)
  2 orc wizards (D:3)
  3 adders (D:2)
  An ooze (D:2)
  A worm (D:2)
  2 dart slugs (D:2)
  3 leopard geckos
  6 orcs
  6 giant cockroaches
  9 goblins
  5 hobgoblins
  11 jackals
  2 quokkas
  2 ball pythons
  5 bats
  3 frilled lizards
  8 kobolds
  10 rats
82 creatures vanquished.

Notes
Turn   | Place    | Note
-------+----------+-------------------------------------------
     0 | D:1      | hawla the Deep Elf Conjurer began the quest for the Orb.
     0 | D:1      | Reached XP level 1. HP: 10/10 MP: 6/6
   231 | D:1      | Reached XP level 2. HP: 15/15 MP: 5/8
   236 | D:1      | Learned a level 2 spell: Searing Ray
  1130 | D:2      | Reached XP level 3. HP: 19/19 MP: 6/9
  1171 | D:2      | Reached skill level 5 in Conjurations
  1292 | D:2      | Found a blossoming altar of Fedhas.
  1421 | D:2      | Reached skill level 1 in Fire Magic
  1597 | D:2      | Reached XP level 4. HP: 14/24 MP: 6/11
  1603 | D:2      | Learned a level 4 spell: Iskenderun's Mystic Blast
  1840 | D:2      | Found a broken altar of Ashenzari.
  1841 | D:2      | Found a glowing silver altar of Zin.
  1849 | D:2      | Became a worshipper of Ashenzari the Shackled
  1967 | D:2      | Found a hazy altar of Hepliaklqana.
  1968 | D:2      | Found a shimmering altar of Xom.
  1969 | D:2      | Noticed a spectral ugly thing
  2669 | D:3      | Reached skill level 1 in Translocations
  2670 | D:3      | Reached XP level 5. HP: 27/28 MP: 3/13
  2977 | D:3      | Noticed Terence
  2983 | D:3      | Killed Terence
  3503 | D:3      | Reached XP level 6. HP: 32/32 MP: 12/15
  3885 | D:4      | Noticed Menkaure
  4015 | D:4      | Killed Menkaure
  4016 | D:4      | Reached skill level 5 in Spellcasting
  4016 | D:4      | Reached skill level 6 in Conjurations
  4145 | D:4      | Noticed Pikel
  4155 | D:4      | Mangled by a lemure

Illustrated notes

Levels and vault maps discovered:
D:1:      eino_arrival_water_star, layout_loops_ring
D:2:      layout_basic, regret_index_temple_of_mockery, marbit_many_paths,
          grunt_temple_overflow_open
D:3:      layout_basic, uniq_terence
D:4:      layout_loops_ring, uniq_edmund, uniq_menkaure, uniq_pikel

Skill      XL: |  1  2  3  4  5  6 |
---------------+-------------------+-----
Stealth        | 3 |  3.0
Conjurations   | 5 6 |  6.0
Dodging        | 3 |  3.0
Fire Magic     | 1 2 3 |  3.1
Spellcasting   | 4 5 |  5.1
Translocations | 1 2 |  2.6
Fighting       | |  0.1
Throwing       | |  0.1
Evocations     | |  0.1

Action                   |  1- 3 |  4- 6 || total
-------------------------+-------+-------++-------
Melee: Whip              |       |     1 ||     1
 Cast: Magic Dart        |    22 |    10 ||    32
       Searing Ray       |    25 |    25 ||    50
       Iskenderun's Myst |       |     6 ||     6
  Use: Scroll            |     3 |     1 ||     4
Armor: Robe              |       |     1 ||     1
Dodge: Dodged            |     6 |    20 ||    26
